 Dungeon Crawl Stone Soup version 0.28.0-62-gf88900778d (webtiles) character file.

Game seed: 1506625895307603487

457 Froggeryz the Cutter (level 7, 0/50 HPs)
             Began as an Octopode Berserker on Jan 31, 2024.
             Was a Believer of Trog.
             Killed by divine providence
             ... invoked by an orc priest
              (12 damage)
             ... on level 5 of the Dungeon.
             The game lasted 00:02:38 (4336 turns).

Froggeryz the Cutter (Octopode Berserker)           Turns: 4336, Time: 00:02:38

Health: 0/50       AC:  1    Str: 16    XL:     7   Next: 6%
Magic:  7/7        EV: 18    Int:  9    God:    Trog [**....]
Gold:   151        SH:  0    Dex: 14    Spells: 6/6 levels left

rFire   . . .      SeeInvis .   a - +0 short sword
rCold   . . .      Faith    .   (no shield)
rNeg    . . .      Spirit   .   (helmet restricted)
rPois   .          Reflect  .   (no amulet)
rElec   .          Harm     .   c - +4 ring of evasion
rCorr   .          Rampage  .   (no ring)
Will    .....                   (no ring)
Stlth   ++........              (no ring)
HPRegen 0.16/turn               (no ring)
MPRegen 0.10/turn               (no ring)
                                (no ring)
                                (no ring)

@: no status effects
A: almost no armour, amphibious, 8 rings, camouflage 1, gelatinous body 1,
(nimble swimmer 1), tentacles
a: Renounce Religion, Berserk, Trog's Hand


You were on level 5 of the Dungeon.
You worshipped Trog.
Trog was pleased with you.
You visited 1 branch of the dungeon, and saw 5 of its levels.

You collected 151 gold pieces.

Inventory:

Hand Weapons
 a - a +0 short sword (weapon)
Missiles
 j - 6 atropa-tipped darts (quivered)
Jewellery
 c - a +4 ring of evasion (left tentacle)
 q - a +6 ring of strength
Scrolls
 b - a scroll of magic mapping {unknown}
 e - 5 scrolls of identify {unknown}
 f - a scroll of noise {unknown}
 h - a scroll of teleportation {unknown}
 i - a scroll of enchant armour {unknown}
 k - a scroll of vulnerability {unknown}
 m - 2 scrolls of blinking {unknown}
 o - a scroll of torment {unknown}
 t - a scroll of amnesia {unknown}
Potions
 d - 3 potions of curing {unknown}
 g - a potion of might {unknown}
 l - 2 potions of mutation {unknown}
 n - a potion of lignification {unknown}
 p - a potion of attraction {unknown}
 r - a potion of resistance {unknown}
 s - 2 potions of ambrosia {unknown}


   Skills:
 + Level 5.0 Fighting
 * Level 6.5 Short Blades
 - Level 3.0 Dodging


You had 6 spell levels left.
You didn't know any spells.
Your spell library was empty.

Dungeon Overview and Level Annotations

Branches:
Dungeon (5/15)
 Temple: D:4-7

Altars:


Innate Abilities, Weirdness & Mutations

You cannot wear most types of armour.
You are amphibious.
You can wear up to eight rings at the same time.
Your skin changes colour to match your surroundings (Stealth+).
Your rubbery body absorbs attacks. (AC +1, EV +1)
((You are camouflaged when in or above water. (Stealth+)))
You have tentacles for arms and can constrict up to eight enemies at once.


Message History

You constrict the orc wizard.
A gnoll comes into view. It is wielding a +0 flail.
The orc wizard misses you. The orc hits you with a +0 mace.
The orc priest calls down the wrath of Beogh upon you.
Beogh smites you!
You barely miss the orc wizard.
The orc wizard is almost dead.
You constrict the orc wizard.
You kill the orc wizard!
Trog accepts your kill.
Trog appreciates your killing of a magic user.
An iguana comes into view.
The orc hits you with a +0 mace.
Your Fighting skill increases to level 5!
The iguana hisses angrily.
The iguana hisses menacingly.
The orc priest looks braver for a moment.
The orc hits you with a +0 mace.
The ufetubus shouts!
You hear an angry hiss.
An adder comes into view.
An adder comes into view.
The ufetubus completely misses you. The ufetubus hits you.
An iguana comes into view.
The ufetubus completely misses you. The ufetubus hits you.
The ufetubus completely misses you. The ufetubus closely misses you.
The ufetubus hits you. The ufetubus misses you. The ufetubus misses you.
The ufetubus closely misses you.
The iguana hisses angrily.
You hear an angry hiss.
The ufetubus completely misses you. The ufetubus misses you.
The adder bites you.
* * * LOW HITPOINT WARNING * * *
The iguana closely misses you. The ufetubus hits you.
* * * LOW HITPOINT WARNING * * *
The ufetubus completely misses you.
There is a stone staircase leading up here.
The adder misses you.
The orc priest calls down the wrath of Beogh upon you.
Beogh smites you!
You die...

########. #........
#......# ....
#......# #.#.#
#......##
....#######........
#..#@....)<.......
#..#5S#......#....
...#..ol.....##.# .
...#...l.#.#.##.#
......g..#......#
##
..#....o.##.#####
...##.#...g.....#
#.#.......##..##
#.........##..#


You could see 2 iguanas, an orc priest, 2 gnolls, an adder, an orc and an
ufetubus.

Vanquished Creatures
  A hornet zombie (D:4)
  A phantom (D:4)
  A bullfrog zombie (D:3)
  A jelly (D:4)
  3 orc wizards
  Terence (D:2)
  4 gnolls (D:3)
  4 adders
  An adder skeleton (D:4)
  2 dart slugs
  7 orcs
  3 ball pythons
  5 endoplasms
  A giant cockroach (D:1)
  8 goblins
  8 hobgoblins
  4 quokkas
  5 bats
  3 frilled lizards
  5 kobolds
  2 rats
70 creatures vanquished.

Notes
Turn   | Place    | Note
-------+----------+-------------------------------------------
     0 | D:1      | Froggeryz the Octopode Berserker began the quest for the
                  | Orb.
     0 | D:1      | Reached XP level 1. HP: 16/16 MP: 1/1
   207 | D:1      | Reached XP level 2. HP: 21/21 MP: 2/2
   861 | D:1      | Reached XP level 3. HP: 26/26 MP: 3/3
  1122 | D:2      | Reached ** piety under Trog
  1208 | D:2      | Reached skill level 4 in Short Blades
  1546 | D:2      | Noticed Terence
  1552 | D:2      | Killed Terence
  1553 | D:2      | Reached XP level 4. HP: 33/33 MP: 4/4
  1996 | D:3      | Identified the +1 mace of Egowug {pain, Str+6 Int+7}
  2466 | D:3      | Reached XP level 5. HP: 37/37 MP: 5/5
  2482 | D:3      | Reached skill level 5 in Short Blades
  3171 | D:4      | Reached XP level 6. HP: 10/44 MP: 6/6
  3554 | D:4      | Reached skill level 6 in Short Blades
  4276 | D:4      | Reached XP level 7. HP: 49/49 MP: 7/7
  4292 | D:5      | Entered Level 5 of the Dungeon
  4318 | D:5      | Reached skill level 5 in Fighting
  4336 | D:5      | Killed from afar by an orc priest

Illustrated notes

Levels and vault maps discovered:
D:1:      lemuel_arrival_rhombus, layout_basic
D:2:      layout_basic, serial_curves, eino_curves_04, eino_curves_01,
          nicolae_concentric_dashed_squares_mild, corexii_shack,
          hangedman_decor_growths, uniq_terence
D:3:      layout_basic, minmay_misc_feat_five
D:4:      layout_basic
D:5:      lemuel_ice_spiral_2, layout_basic, nicolae_uskayaw_dance_hall,
          overflow_temple_1_default, minmay_temple_entry_drinking_statues,
          kennysheep_decorative_pillar, hangedman_minor_gate_pass

Skill      XL: |  1  2  3  4  5  6  7 |
---------------+----------------------+-----
Short Blades   | 4 5 6 |  6.5
Fighting       | 4 5 |  5.0
Dodging        | |  3.0

Action                   |  1- 3 |  4- 6 |  7- 9 || total
-------------------------+-------+-------+-------++-------
Melee: Short sword       |    75 |    88 |     4 ||   167
       Tentacles         |    14 |    28 |     1 ||    43
       Constrict         |    14 |    23 |     1 ||    38
       Punch             |     2 |       |       ||     2
Throw: Dart              |       |     1 |       ||     1
Invok: Berserk           |     1 |     2 |       ||     3
 Stab: Sleeping          |     7 |     4 |       ||    11
Armor: Skin              |     3 |     1 |       ||     4
Dodge: Dodged            |    49 |    49 |    14 ||   112
